[Event "Titled Tuesday Blitz April 05 Early 2022"]
[White "Dixit, Nikhil"]
[Black "Gaehwiler, Gabriel"]
[WhiteFideId "5059534"]
[BlackFideId "1314530"]
[WhiteElo "2471"]
[BlackElo "2752"]
[Result "1-0"]
[Round "02"]
[TimeControl "180+1"]
[Date "2022.04.05"]
[WhiteClock "0:00:31"]
[BlackClock "0:00:22"]

1. e4 e5 2. Nf3 Nf6 3. Nc3 Nc6 4. d4 exd4 5. Nxd4 Bb4 6. Nxc6 bxc6 7. Bd3 d5 8. exd5 cxd5 9. O-O O-O 10. Bg5 c6 11. Qf3 Bd6 12. Rae1 Rb8 13. Nd1 Rb4 14. Ne3 h6 15. Bxf6 Qxf6 16. Qxf6 gxf6 17. b3 Be5 18. Nf5 Bxf5 19. Bxf5 a5 20. Bd7 Rb6 21. a4 Rd8 22. Bf5 Rb4 23. g3 c5 24. Rd1 c4 25. bxc4 Rxc4 26. Rd3 Rxa4 27. Rfd1 d4 28. c3 Rc4 29. cxd4 Bxd4 30. Kg2 a4 31. R1d2 Kf8 32. Re2 Bb6 33. Rxd8+ Bxd8 34. Bb1 Be7 35. Ba2 Rb4 36. Rc2 Rb7 37. Rc8+ Kg7 38. Rc2 a3 39. h4 Ra7 40. Re2 Kf8 41. Rd2 Ra5 42. Rc2 Re5 43. Rc8+ Kg7 44. Rc2 Re4 45. Kf3 Re5 46. Kg2 Bd6 47. Kf3 f5 48. Rd2 Be7 49. Rd7 Kf8 50. Rc7 Rb5 51. Rc8+ Kg7 52. Rc7 Kf6 53. Rc6+ Kg7 54. Rc2 Re5 55. Kf4 Bd6 56. Kf3 Re4 57. Rd2 Be7 58. Rc2 Rd4 59. Re2 Rd3+ 60. Re3 Rd8 61. Rxe7 Rd3+ 62. Kg2 Rd2 63. Rxf7+ Kg6 64. h5+ Kxh5 65. Be6 Kg6 66. Ra7 Kf6 67. Bb3 Rd3 68. Ba2 h5 69. Ra5 Rc3 70. Bb1 f4 71. Rf5+ Ke6 72. Rxf4 Rc1 73. Ba2+ Ke5 74. Ra4 Rc2 75. Rxa3 Kf6 76. Ra6+ Kg5 77. Bb3 Rb2 78. Bd5 Rb5 79. Bf3 h4 80. Ra3 hxg3 81. Kxg3 Rc5 82. Ra4 Kf6 83. Rg4 Ke7 84. Rf4 Rg5+ 85. Rg4 Ra5 86. Bg2 Kf6 87. f3 Rc5 88. Bh3 Kf7 89. Rf4+ Ke7 90. Rf5 Rc4 91. Bg4 Rc1 92. Kh4 Rc6 93. Kg5 Ke8 94. f4 Rd6 95. Rf6 Rd5+ 96. f5 Rd4 97. Bh5+ Ke7 98. Re6+ Kf8 99. Re8+ Kg7 100. f6+ Kh7 101. Bg6# 1-0


[Site "https://www.chess.com"]

[Event "Titled Tuesday Blitz April 05 Early 2022"]
[White "Dobrov, Vladimir"]
[Black "Rastbod, Ali"]
[WhiteFideId "4136594"]
[BlackFideId "12567477"]
[WhiteElo "2575"]
[BlackElo "2147"]
[Result "1/2-1/2"]
[Round "02"]
[TimeControl "180+1"]
[Date "2022.04.05"]
[WhiteClock "0:00:09"]
[BlackClock "0:00:06"]

1. d4 Nf6 2. c4 e6 3. Nf3 Bb4+ 4. Nbd2 O-O 5. a3 Be7 6. e4 d6 7. Be2 Nfd7 8. Nb1 e5 9. Nc3 exd4 10. Nxd4 Nc6 11. Be3 Bf6 12. O-O Nc5 13. Nxc6 bxc6 14. Qc2 Bxc3 15. bxc3 Re8 16. f3 a5 17. Rae1 f6 18. g4 a4 19. Kh1 Nb3 20. Rg1 c5 21. Bd3 Bb7 22. Qg2 g5 23. h4 h6 24. Qg3 Kg7 25. Kg2 Qe7 26. Kf2 Qe5 27. Qxe5 dxe5 28. Bc2 Ba6 29. Rd1 Rad8 30. Bd3 Re6 31. Be2 Red6 32. Rd5 c6 33. Rxd6 Rxd6 34. hxg5 hxg5 35. Rb1 Rd8 36. Ke1 Rd7 37. Kf2 Rb7 38. Ke1 Na5 39. Rxb7+ Nxb7 40. Kd2 Kf7 41. Kd3 Ke6 42. Bd1 Na5 43. Bxc5 Bxc4+ 44. Ke3 Bb5 45. Bb4 Nc4+ 46. Kf2 Nb2 47. Bc2 Nc4 48. Bd3 Nxa3 49. Bxa3 Bxd3 50. Ke3 Bc4 51. Kd2 Kd7 52. Ke3 Bf7 53. Kd2 Bg8 54. Kc2 Bb3+ 55. Kd2 Bc4 56. Ke3 Be6 57. Kd2 Ke8 58. Kc2 Bc8 59. Kd2 Ba6 60. Ke3 Kf7 61. Kd2 Ke6 62. Ke3 Bc4 63. Kd2 Kd7 1/2-1/2


[Site "https://www.chess.com"]

[Event "Titled Tuesday Blitz April 05 Early 2022"]
[White "Domingo Nunez, Alejandro"]
[Black "Matlakov, Maxim"]
[WhiteFideId "22245561"]
[BlackFideId "4168003"]
[WhiteElo "2215"]
[BlackElo "2669"]
[Result "1/2-1/2"]
[Round "02"]
[TimeControl "180+1"]
[Date "2022.04.05"]
[WhiteClock "0:00:05"]
[BlackClock "0:00:14"]

1. Nf3 d5 2. g3 Nf6 3. Bg2 Bg4 4. d3 Nbd7 5. O-O e5 6. Qe1 Bd6 7. e4 O-O 8. Nh4 c6 9. Nf5 Bxf5 10. exf5 Re8 11. c4 Nc5 12. Qd1 dxc4 13. dxc4 e4 14. Nc3 Be5 15. Qc2 Qd7 16. Be3 Qxf5 17. Bxc5 Bxc3 18. Bxa7 Bxb2 19. Qxb2 Rxa7 20. Qb6 Rea8 21. Rad1 h5 22. h3 h4 23. g4 Qf4 24. a3 g6 25. Rfe1 Rxa3 26. Qxb7 Ra2 27. Qb6 Rb8 28. Rd8+ Rxd8 29. Qxd8+ Kg7 30. Qd4 Kh7 31. Qe3 Qxe3 32. Rxe3 Ra1+ 33. Kh2 Rc1 34. g5 Nh5 35. Rxe4 c5 36. Rxh4 Kg8 37. Bd5 Rc2 38. Kg1 Ng7 39. Rf4 Nf5 40. h4 Ra2 41. h5 Kg7 42. h6+ Kg8 43. Re4 Ra7 44. Re8+ Kh7 45. Rf8 Nd6 46. Rd8 Nf5 47. Rf8 Nd6 48. Kg2 Re7 49. f3 Re2+ 50. Kf1 Re7 51. Kf2 Ra7 52. Rd8 Nf5 53. Rf8 Nd6 54. Kg3 Nf5+ 55. Kf4 Nd6 56. Ke5 Rd7 57. Kf6 Ra7 58. Bxf7 Ne4+ 59. fxe4 Ra6+ 60. Be6 Rxe6+ 61. Kf7 Re7+ 62. Kf6 Re6+ 63. Kf7 Re7+ 64. Kxe7 1/2-1/2


[Site "https://www.chess.com"]

[Event "Titled Tuesday Blitz April 05 Early 2022"]
[White "Dovbnia, Nikita"]
[Black "Jaskolka, Tomasz"]
[WhiteFideId "54104599"]
[BlackFideId "1170791"]
[WhiteElo "2111"]
[BlackElo "2073"]
[Result "0-1"]
[Round "02"]
[TimeControl "180+1"]
[Date "2022.04.05"]
[WhiteClock "0:00:15"]
[BlackClock "0:00:14"]

1. Nf3 d5 2. b3 Bg4 3. Bb2 Bxf3 4. exf3 Nc6 5. Bb5 Nf6 6. Bxc6+ bxc6 7. d3 e6 8. Nd2 Bd6 9. g3 Qe7 10. O-O h5 11. f4 h4 12. Nf3 hxg3 13. fxg3 Bc5+ 14. d4 Bd6 15. c4 c5 16. f5 exf5 17. Re1 Ne4 18. cxd5 cxd4 19. Bxd4 Kf8 20. Kg2 Re8 21. Qd3 Qd7 22. Re2 Rh6 23. Rae1 Kg8 24. Nd2 Rd8 25. Nxe4 fxe4 26. Qxe4 Qh3+ 27. Kg1 Bxg3 28. hxg3 Rg6 29. Rg2 Rxg3 30. Rxg3 Qxg3+ 31. Kf1 Rd6 32. Be5 Qh3+ 33. Qg2 Qf5+ 34. Qf2 Qd3+ 35. Qe2 Qh3+ 36. Qg2 Qxg2+ 37. Kxg2 Rxd5 38. Bxc7 Rd2+ 39. Kf3 Rxa2 40. Re2 Ra3 41. Re3 f6 42. Bd6 Ra1 43. Bb8 a6 44. Re6 Kf7 45. Rb6 g5 46. Ke4 Re1+ 47. Kd5 g4 48. Rxa6 Rd1+ 49. Ke4 Kg6 50. Kf4 Rd4+ 51. Kg3 Kg5 52. Bc7 Rd3+ 53. Kg2 f5 54. Bd8+ Rxd8 55. Ra5 Kf4 56. Ra4+ Ke3 57. Ra5 Kf4 58. Ra4+ Kg5 59. b4 Rd2+ 60. Kg3 f4# 0-1


[Site "https://www.chess.com"]

[Event "Titled Tuesday Blitz April 05 Early 2022"]
[White "Ezat, Mohamed"]
[Black "Timofeev, Artyom"]
[WhiteFideId "10600906"]
[BlackFideId "4140419"]
[WhiteElo "2386"]
[BlackElo "2594"]
[Result "0-1"]
[Round "02"]
[TimeControl "180+1"]
[Date "2022.04.05"]
[WhiteClock "0:00:22"]
[BlackClock "0:00:23"]

1. d4 Nf6 2. c4 e6 3. Nc3 d5 4. cxd5 Nxd5 5. e4 Nxc3 6. bxc3 c5 7. a3 Be7 8. Nf3 O-O 9. Bd3 b6 10. e5 Bb7 11. h4 h6 12. Rh3 f5 13. exf6 Bxf6 14. Rg3 Kh8 15. Ne5 Bxe5 16. dxe5 Qxh4 17. Qe2 Qh1+ 18. Kd2 Qg1 19. f3 Nd7 20. Kc2 Qh2 21. Qf2 Nxe5 22. Be2 Qh4 23. Bxh6 Qa4+ 24. Kb2 gxh6 25. Rh1 Rf6 26. Qe3 Nf7 27. c4 Qd7 28. Rh4 Rd8 29. Kc2 e5 30. Bd3 Qe6 31. Kb2 Rd4 32. Rh1 e4 33. fxe4 Bxe4 34. Be2 Qe5 35. Ka2 Bh7 36. Qxe5 Nxe5 37. Rgh3 Kg7 38. Rg3+ Bg6 39. Bh5 Rf2+ 40. Kb3 Rd3+ 41. Ka4 Rxg3 0-1


[Site "https://www.chess.com"]

[Event "Titled Tuesday Blitz April 05 Early 2022"]
[White "Fernandez Siles, Luis"]
[Black "Karolczuk, Iwo"]
[WhiteFideId "2209420"]
[BlackFideId "21816972"]
[WhiteElo "2212"]
[BlackElo "2277"]
[Result "0-1"]
[Round "02"]
[TimeControl "180+1"]
[Date "2022.04.05"]
[WhiteClock "0:00:18"]
[BlackClock "0:01:00"]

1. e4 c5 2. Nf3 d6 3. Bb5+ Nd7 4. O-O a6 5. Bd3 g6 6. Re1 Bg7 7. c3 e5 8. Bc2 Ne7 9. d4 cxd4 10. cxd4 exd4 11. Nxd4 O-O 12. Nc3 Ne5 13. Bg5 h6 14. Bh4 g5 15. Bg3 Qb6 16. Bb3 Bg4 17. Qd2 Rac8 18. Nc2 Rfd8 19. Ne3 Be6 20. Bd5 Qa5 21. Rad1 Nxd5 22. Nexd5 Bxd5 23. exd5 Nc4 24. Qe2 Nxb2 25. Ne4 Nxd1 26. Qxd1 Re8 27. Re3 Bb2 0-1


[Site "https://www.chess.com"]

[Event "Titled Tuesday Blitz April 05 Early 2022"]
[White "Ferreira, Vitor Hugo Vieira"]
[Black "Sovetbekova, Nurai"]
[WhiteFideId "2119765"]
[BlackFideId "13801910"]
[WhiteElo "2165"]
[BlackElo "1538"]
[Result "0-1"]
[Round "02"]
[TimeControl "180+1"]
[Date "2022.04.05"]
[WhiteClock "0:00:30"]
[BlackClock "0:00:07"]

1. e3 d5 2. d4 Nf6 3. Nf3 g6 4. Bd3 Bg7 5. Nbd2 c5 6. b3 b6 7. Bb2 Nc6 8. O-O O-O 9. a3 Nd7 10. Qe2 e5 11. dxe5 Ndxe5 12. Nxe5 Nxe5 13. Ba6 Bf5 14. e4 dxe4 15. Nxe4 Qh4 16. Bxe5 Bxe5 17. Ng3 Bxa1 18. Nxf5 Qf6 19. Nh6+ Kg7 20. Ng4 Qc3 21. Ne3 Rae8 22. Qd1 Bb2 23. Nd5 Qe5 24. a4 Bd4 25. Bc4 Rd8 26. Qf3 Qd6 27. c3 Be5 28. g3 f5 29. Re1 Rfe8 30. Rd1 Qf8 31. h4 Bf6 32. Nf4 Rxd1+ 33. Qxd1 Be5 34. Ne6+ Rxe6 35. Bxe6 Qe7 36. Bc4 Bxc3 37. Qd5 Bd4 38. Kg2 Kf6 39. Qc6+ Kg7 40. Qf3 Qe4 41. Qxe4 fxe4 42. Bd5 e3 43. fxe3 Bxe3 44. g4 Kf6 45. Kf3 Bd4 46. Ke4 h5 47. gxh5 gxh5 48. Kf3 Kg6 49. Bc6 Bf6 50. Kg3 Be5+ 51. Kh3 Kf7 52. Bf3 Kg6 53. Be4+ Kf6 54. Bf3 Kg6 55. Be4+ Kh6 56. Bd3 Bd4 57. Be4 a6 58. Bd3 a5 59. Be4 Bf2 60. Bg2 Kg6 61. Be4+ Kf6 62. Bf3 Kg6 63. Kg2 Be3 64. Be2 Bd2 65. Kf3 Be1 66. Ke4 Bxh4 67. Kd5 Bd8 68. Kc6 h4 69. Kd7 Bf6 70. Kc7 h3 71. Bf3 Bd4 72. Kc6 Kg5 73. Kd5 Kf4 74. Bh1 Kg3 75. Kc6 Kh2 76. Bd5 Kg1 77. Kxb6 c4+ 78. Kb5 cxb3 79. Bxb3 Bc3 80. Bd5 h2 81. Kc4 Bb4 82. Kb3 h1=Q 83. Ka2 Qh2+ 84. Ka1 Qe5+ 85. Ka2 Qxd5+ 86. Kb2 Qg2+ 87. Kb1 Qe2 88. Kc1 Kf2 89. Kb1 Ke3 90. Kc1 Kd3 91. Kb1 Kc3 92. Ka1 Qb2# 0-1


[Site "https://www.chess.com"]

[Event "Titled Tuesday Blitz April 05 Early 2022"]
[White "Fier, Alexandr"]
[Black "Lauridsen, Jesper Morch"]
[WhiteFideId "2107139"]
[BlackFideId "1401890"]
[WhiteElo "2571"]
[BlackElo "2237"]
[Result "1-0"]
[Round "02"]
[TimeControl "180+1"]
[Date "2022.04.05"]
[WhiteClock "0:01:47"]
[BlackClock "0:00:05"]

1. d4 d5 2. Nf3 e6 3. Bf4 Nf6 4. Be5 c5 5. e3 Qb6 6. Nbd2 Nc6 7. Bxf6 gxf6 8. Rb1 cxd4 9. exd4 Nxd4 10. Nxd4 Qxd4 11. Bb5+ Bd7 12. Bxd7+ Kxd7 13. O-O Bh6 14. Nf3 Qxd1 15. Rfxd1 Rhc8 16. c3 b5 17. Nd4 Rab8 18. a3 a5 19. Nb3 b4 20. cxb4 axb4 21. a4 Rc2 22. Nd4 Rd2 23. Kf1 b3 24. Rxd2 Bxd2 25. Ke2 Bf4 26. Kd3 Rb4 27. a5 Be5 28. Nf3 Ra4 29. Nd2 Rxa5 30. Nxb3 Rb5 31. Kc2 h5 32. Nc1 Bxh2 33. g3 h4 34. Ne2 hxg3 35. fxg3 Rb8 36. Rh1 Rh8 37. Kd3 Rh3 38. Ke3 Rxg3+ 39. Nxg3 Bxg3 40. Rh7 Ke7 41. Kd3 Be5 42. b4 f5 43. b5 f4 44. b6 f3 45. b7 f2 46. Ke2 d4 47. Kxf2 d3 48. Ke3 d2 49. Kxd2 Bf4+ 50. Ke2 e5 51. b8=Q 1-0


[Site "https://www.chess.com"]

[Event "Titled Tuesday Blitz April 05 Early 2022"]
[White "Fikiet, Alex"]
[Black "Noritsyn, Nikolay"]
[WhiteFideId "2052717"]
[BlackFideId "2604922"]
[WhiteElo "2427"]
[BlackElo "2737"]
[Result "1-0"]
[Round "02"]
[TimeControl "180+1"]
[Date "2022.04.05"]
[WhiteClock "0:00:09"]
[BlackClock "0:00:01"]

1. e4 e5 2. Nf3 d6 3. d4 exd4 4. Nxd4 Nf6 5. Nc3 Be7 6. Bf4 O-O 7. Be2 Nc6 8. Qd2 Nxd4 9. Qxd4 a6 10. O-O-O Be6 11. Kb1 Re8 12. f3 b5 13. g4 c5 14. Qd2 b4 15. Nd5 Nxd5 16. exd5 Bd7 17. g5 Bb5 18. Rde1 Qd7 19. h4 Qf5 20. Rh2 Bf8 21. h5 c4 22. Bg3 c3 23. Qf4 Qxd5 24. Rd1 Qc5 25. Bd3 Bxd3 26. cxd3 Rac8 27. Rc1 Qd5 28. bxc3 Qxd3+ 29. Ka1 Rxc3 30. g6 Rxc1+ 31. Qxc1 Qxf3 32. Rf2 Qb7 33. gxf7+ Qxf7 34. Rxf7 Kxf7 35. Qc4+ Re6 36. Qxb4 Be7 37. Qf4+ Bf6+ 38. Kb1 d5 39. Qb4 Be7 40. Qb7 1-0


[Site "https://www.chess.com"]

[Event "Titled Tuesday Blitz April 05 Early 2022"]
[White "Gabdrakhmanov, Azat"]
[Black "Prohorov, Olexandr"]
[WhiteFideId "34189197"]
[BlackFideId "14105578"]
[WhiteElo "2279"]
[BlackElo "1993"]
[Result "1-0"]
[Round "02"]
[TimeControl "180+1"]
[Date "2022.04.05"]
[WhiteClock "0:00:11"]
[BlackClock "0:00:02"]

1. e4 c5 2. Nf3 Nc6 3. d4 cxd4 4. Nxd4 Nf6 5. Nc3 d6 6. Bg5 Qa5 7. Bxf6 gxf6 8. Nb3 Qd8 9. Qd2 h5 10. f4 h4 11. Rg1 e6 12. O-O-O a6 13. g4 hxg3 14. hxg3 b5 15. Kb1 Be7 16. Bd3 Bd7 17. Rde1 Qb6 18. Nd5 exd5 19. exd5 Na7 20. Rg2 Kd8 21. Rge2 Nc8 22. Na5 Kc7 23. b4 Bd8 24. Qc3+ Kb8 25. Nc6+ Kb7 26. Be4 Re8 27. Bf3 Rg8 28. g4 f5 29. g5 Qc7 30. Rh2 Nb6 31. Rh7 Rf8 32. g6 fxg6 33. Rg7 Bf6 34. Na5+ Ka7 35. Qxc7# 1-0


[Site "https://www.chess.com"]

[Event "Titled Tuesday Blitz April 05 Early 2022"]
[White "Garriga Cazorla, Pere"]
[Black "Melikhov, Evgeny V."]
[WhiteFideId "32011601"]
[BlackFideId "4122046"]
[WhiteElo "2713"]
[BlackElo "2338"]
[Result "1-0"]
[Round "02"]
[TimeControl "180+1"]
[Date "2022.04.05"]
[WhiteClock "0:00:17"]
[BlackClock "0:00:10"]

1. d4 Nf6 2. c4 e6 3. Nc3 Bb4 4. e3 b6 5. Bd3 Bb7 6. Ne2 Be4 7. O-O Bxd3 8. Qxd3 Bxc3 9. Nxc3 d5 10. cxd5 exd5 11. e4 dxe4 12. Nxe4 Nd5 13. Ng5 Nc6 14. Qb5 Ne7 15. Re1 O-O 16. Qd3 Ng6 17. Be3 Qd5 18. Rac1 Rad8 19. Red1 Rd7 20. a3 Rfd8 21. Qc2 Nce7 22. Ne4 Nf5 23. Nc3 Nxe3 24. fxe3 Qg5 25. Re1 c5 26. d5 Ne5 27. Qe2 Rd6 28. Rf1 Rg6 29. Rce1 c4 30. e4 Nd3 31. g3 Nxe1 32. Rxe1 Qe5 33. Qxc4 h5 34. Re3 h4 35. Kf2 hxg3+ 36. hxg3 Rf6+ 37. Kg2 Qh5 38. Qe2 Qxe2+ 39. Rxe2 a6 40. e5 Rf5 41. g4 Rg5 42. Kg3 f6 43. e6 Kf8 44. e7+ Ke8 45. exd8=Q+ Kxd8 46. Re6 b5 47. Kf4 a5 48. Rb6 b4 49. axb4 axb4 50. Rb8+ Kc7 51. Rxb4 Re5 52. Rc4+ Kd6 53. Rc6+ Kd7 54. b4 Re1 55. b5 Rf1+ 56. Ke3 Rg1 57. b6 Rxg4 58. Ne4 Rg1 59. b7 Rb1 60. Nc5+ Kd8 61. d6 1-0


[Site "https://www.chess.com"]

[Event "Titled Tuesday Blitz April 05 Early 2022"]
[White "Gatterer, Florian"]
[Black "Samant Aditya S"]
[WhiteFideId "811688"]
[BlackFideId "35080580"]
[WhiteElo "2218"]
[BlackElo "1916"]
[Result "0-1"]
[Round "02"]
[TimeControl "180+1"]
[Date "2022.04.05"]
[WhiteClock "0:00:04"]
[BlackClock "0:00:13"]

1. Nf3 d5 2. d4 Nf6 3. g3 Bg4 4. Bg2 c6 5. c4 Nbd7 6. cxd5 cxd5 7. Nc3 e6 8. h3 Bxf3 9. Bxf3 Bd6 10. O-O O-O 11. Bg5 h6 12. Bxf6 Nxf6 13. e3 a6 14. a3 Qb6 15. b4 Rac8 16. Na4 Qa7 17. Qb3 Rc7 18. Rac1 Rfc8 19. Qb2 b6 20. Kg2 a5 21. b5 g5 22. Rfd1 Kg7 23. Be2 Ne4 24. Bd3 Nf6 25. Be2 Qb7 26. Bd3 Qb8 27. Rc2 Rxc2 28. Bxc2 Be7 29. Bd3 Qc7 30. Rd2 Qd6 31. Rc2 Rxc2 32. Qxc2 Nd7 33. Kf3 Qxa3 34. Kg2 Qd6 35. Nc3 Qc7 36. Qb3 Bb4 37. Na4 Bd6 38. g4 Nf6 39. Kf3 Nd7 40. Kg2 Kf8 41. Kf3 Ke7 42. Qc2 Qxc2 43. Bxc2 Bc7 44. e4 dxe4+ 45. Kxe4 Kd6 46. Nb2 Nf6+ 47. Kd3 Nd5 48. Nc4+ Ke7 49. Ke4 Nc3+ 50. Kd3 Nxb5 51. Nd2 Nd6 52. Ba4 b5 53. Bd1 a4 54. f4 gxf4 55. Nf3 Nc4 56. Bxa4 Nb2+ 57. Ke4 Nxa4 58. d5 Nc3+ 59. Kd4 Nxd5 60. h4 Kd6 61. g5 hxg5 62. hxg5 Bb6+ 63. Ke4 b4 64. g6 fxg6 65. Ng5 b3 66. Nf7+ Ke7 67. Ne5 b2 68. Nc6+ Kd6 69. Nb4 Nxb4 70. Kf3 b1=Q 71. Kg4 Qg1+ 72. Kf3 Qe3+ 73. Kg4 Qg3# 0-1


[Site "https://www.chess.com"]

[Event "Titled Tuesday Blitz April 05 Early 2022"]
[White "Goldin, Roman"]
[Black "Hnydiuk, Aleksander"]
[WhiteFideId "2803860"]
[BlackFideId "1109057"]
[WhiteElo "2312"]
[BlackElo "2374"]
[Result "0-1"]
[Round "02"]
[TimeControl "180+1"]
[Date "2022.04.05"]
[WhiteClock "0:00:02"]
[BlackClock "0:00:14"]

1. e4 Nf6 2. e5 Nd5 3. c4 Nb6 4. c5 Nd5 5. Bc4 e6 6. d4 d6 7. cxd6 cxd6 8. Nf3 Be7 9. O-O O-O 10. Qe2 b6 11. a3 a5 12. Nc3 Nxc3 13. bxc3 Ba6 14. Bxa6 Nxa6 15. d5 dxe5 16. dxe6 f6 17. Rd1 Qe8 18. Be3 Bc5 19. Bxc5 Nxc5 20. Rab1 Qxe6 21. Rb5 Rad8 22. Rxd8 Rxd8 23. h3 Rd6 24. Nd2 Nd3 25. Qe4 Nxf2 26. Qc4 Nd3 27. Qxe6+ Rxe6 28. Nc4 e4 29. Rxb6 Rxb6 30. Nxb6 Ne5 31. Kf2 Kf7 32. Ke3 f5 33. Kd4 Ke6 34. Nd5 Kd6 35. c4 Nc6+ 36. Kc3 Ke5 37. Ne3 f4 38. Nc2 g5 39. Ne1 h5 40. Nc2 g4 41. a4 gxh3 42. gxh3 e3 43. Kd3 Kd6 44. Ke4 e2 45. Kxf4 Nd4 46. Ne1 Kc5 47. Ke3 Kxc4 48. h4 Kc3 49. Kf2 Kd2 50. Ng2 Nc2 51. Kf3 Ne1+ 52. Nxe1 Kxe1 53. Kf4 Kf1 0-1


[Site "https://www.chess.com"]

[Event "Titled Tuesday Blitz April 05 Early 2022"]
[White "Golubeva, Oksana"]
[Black "Hernandez Jimenez, Alexander Andres"]
[WhiteFideId "4170164"]
[BlackFideId "3900452"]
[WhiteElo "2162"]
[BlackElo "2098"]
[Result "1-0"]
[Round "02"]
[TimeControl "180+1"]
[Date "2022.04.05"]
[WhiteClock "0:00:23"]
[BlackClock "0:00:48"]

1. Nf3 c5 2. e3 b6 3. c4 Bb7 4. Nc3 g6 5. d4 cxd4 6. Nxd4 Bg7 7. h4 h5 8. f3 Nf6 9. Be2 d6 10. b3 Nbd7 11. Bb2 a6 12. Qd2 Rc8 13. Rg1 e5 14. Nc2 Nc5 15. O-O-O Bf8 16. Kb1 Be7 17. Qe1 Qc7 18. Rd2 Rd8 19. Qf2 d5 20. cxd5 Nxd5 21. Nxd5 Rxd5 22. Rxd5 Bxd5 23. Rd1 Be6 24. Nb4 a5 25. Nd5 Qb8 26. Bb5+ Kf8 27. Nxe7 Kxe7 28. Qg3 Rd8 29. Rc1 f6 30. Qxg6 Bf7 31. Qh7 Rh8 32. Qc2 Rg8 33. Ba3 Qd6 34. Rd1 Qc7 35. Rd7+ 1-0


[Site "https://www.chess.com"]

[Event "Titled Tuesday Blitz April 05 Early 2022"]
[White "Goryachkina, Aleksandra"]
[Black "Sadhwani, Raunak"]
[WhiteFideId "4147103"]
[BlackFideId "35093487"]
[WhiteElo "2426"]
[BlackElo "2616"]
[Result "0-1"]
[Round "02"]
[TimeControl "180+1"]
[Date "2022.04.05"]
[WhiteClock "0:00:02"]
[BlackClock "0:00:40"]

1. e4 d6 2. d4 g6 3. c4 Bg7 4. Nc3 Nf6 5. Be3 Ng4 6. Bg5 h6 7. Bh4 c5 8. d5 Qa5 9. Qd2 g5 10. Bg3 Ne5 11. Nf3 Nbd7 12. Nxe5 Nxe5 13. h4 g4 14. Be2 h5 15. f4 gxf3 16. gxf3 Bh6 17. Bf4 Bxf4 18. Qxf4 Qb4 19. O-O-O Bd7 20. Rhg1 O-O-O 21. Kb1 Rhg8 22. Rc1 f6 23. a3 Qb3 24. Qe3 Nxc4 25. Bxc4 Qxc4 26. Rxg8 Rxg8 27. Ka1 Rg2 28. f4 Qb3 29. Rb1 b5 30. Qf3 Rc2 0-1


[Site "https://www.chess.com"]

[Event "Titled Tuesday Blitz April 05 Early 2022"]
[White "Griffith, Kyron"]
[Black "Zarubitski, Viachaslau"]
[WhiteFideId "2046318"]
[BlackFideId "13509373"]
[WhiteElo "2232"]
[BlackElo "2325"]
[Result "1-0"]
[Round "02"]
[TimeControl "180+1"]
[Date "2022.04.05"]
[WhiteClock "0:01:19"]
[BlackClock "0:00:03"]

1. e4 c5 2. Nf3 Nc6 3. d4 cxd4 4. Nxd4 Qb6 5. Nb3 Nf6 6. Nc3 e6 7. Qf3 Bb4 8. Bg5 Ne5 9. Qg3 d6 10. Bxf6 gxf6 11. O-O-O Bd7 12. Qh4 Ke7 13. Ne2 Rac8 14. Kb1 Qc6 15. Ned4 Qa4 16. f4 Nc6 17. Nxc6+ Qxc6 18. Bd3 Rhg8 19. e5 dxe5 20. fxe5 Qxg2 21. Qxb4+ Ke8 22. exf6 Qc6 23. Qe7# 1-0


[Site "https://www.chess.com"]

[Event "Titled Tuesday Blitz April 05 Early 2022"]
[White "Gunina, Valentina"]
[Black "Yushko, Olga"]
[WhiteFideId "4167570"]
[BlackFideId "14114500"]
[WhiteElo "2381"]
[BlackElo "2028"]
[Result "1-0"]
[Round "02"]
[TimeControl "180+1"]
[Date "2022.04.05"]
[WhiteClock "0:01:48"]
[BlackClock "0:00:12"]

1. d4 e6 2. c4 f5 3. Nf3 Nf6 4. Nc3 d6 5. g3 Be7 6. Bg2 O-O 7. O-O Qe8 8. b4 a5 9. bxa5 Nc6 10. d5 Nd8 11. Nb5 Qd7 12. Nfd4 e5 13. Nb3 c6 14. Nc3 Kh8 15. Na4 Qe8 16. Nb6 Ra6 17. Nxc8 cxd5 18. cxd5 e4 19. Nxe7 Qxe7 20. e3 Qf7 21. Bb2 Nxd5 22. Qd4 Nc6 23. Qd2 Ncb4 24. f3 exf3 25. Bxf3 Qe6 26. e4 fxe4 27. Bxe4 Re8 28. Rae1 Qg8 29. a3 Nf6 30. Rxf6 Qxb3 31. axb4 gxf6 32. Bxf6+ Kg8 33. Qg5+ Kf7 34. Bd5+ Qxd5 35. Qg7# 1-0


[Site "https://www.chess.com"]

[Event "Titled Tuesday Blitz April 05 Early 2022"]
[White "Guz, Ari"]
[Black "Hansen, Eric"]
[WhiteFideId "2825759"]
[BlackFideId "2606771"]
[WhiteElo "1913"]
[BlackElo "2568"]
[Result "1/2-1/2"]
[Round "02"]
[TimeControl "180+1"]
[Date "2022.04.05"]
[WhiteClock "0:00:05"]
[BlackClock "0:00:07"]

1. e4 c5 2. Nf3 e6 3. c3 Nf6 4. e5 Nd5 5. d4 cxd4 6. cxd4 d6 7. Bc4 Nc6 8. O-O Be7 9. exd6 Qxd6 10. Nc3 O-O 11. Qe2 Nxc3 12. bxc3 b6 13. Bd3 Bb7 14. Bg5 h6 15. Bxe7 Nxe7 16. Ne5 Rac8 17. Rac1 Rc7 18. Rfd1 Rfc8 19. c4 Nc6 20. Nf3 Qf4 21. Be4 Nxd4 22. Nxd4 Qxe4 23. Qxe4 Bxe4 24. Nb5 Rxc4 25. Rxc4 Rxc4 26. Nxa7 Bd5 27. h3 Kf8 28. Rb1 Rc7 29. Nb5 Bxa2 30. Ra1 Rc5 31. Nd6 Rc2 32. Rd1 g5 33. Rd4 Rc5 34. Rb4 Rc6 35. Ne4 Ke7 36. Nd2 Bd5 37. h4 f6 38. Nf1 Kd6 39. Ne3 Kc5 40. Rb1 gxh4 41. Ng4 f5 42. Nxh6 b5 43. Nf7 b4 44. Ne5 Rb6 45. Nd7+ Kb5 46. Nxb6 Be4 47. Rb2 Kxb6 48. f3 Kc5 49. fxe4 fxe4 50. Kf2 Kc4 51. Ke3 Kc3 52. Rd2 b3 53. Rd7 b2 54. Rc7+ Kb3 55. Rb7+ Kc2 56. Rc7+ Kd1 57. Rd7+ Kc1 58. Rc7+ Kd1 59. Rd7+ Kc1 60. Rc7+ Kd1 1/2-1/2


[Site "https://www.chess.com"]

[Event "Titled Tuesday Blitz April 05 Early 2022"]
[White "Hamidi, Amir Mohammad"]
[Black "Buscar, Michael"]
[WhiteFideId "12563285"]
[BlackFideId "2603616"]
[WhiteElo "2273"]
[BlackElo "2010"]
[Result "1/2-1/2"]
[Round "02"]
[TimeControl "180+1"]
[Date "2022.04.05"]
[WhiteClock "0:00:03"]
[BlackClock "0:00:07"]

1. e4 c5 2. Nf3 Nc6 3. Bb5 Nf6 4. e5 Nd5 5. Nc3 Nc7 6. Bxc6 bxc6 7. O-O g6 8. Ne4 Ne6 9. b3 Bg7 10. Re1 O-O 11. Rb1 a5 12. a4 d5 13. exd6 exd6 14. Bb2 Nd4 15. Nxd4 cxd4 16. Qf3 Bf5 17. d3 c5 18. Re2 Qd7 19. h3 Rac8 20. Rbe1 d5 21. Ng3 Be6 22. Qf4 Qa7 23. h4 c4 24. Ba3 Rfd8 25. h5 cxb3 26. cxb3 Rc3 27. hxg6 hxg6 28. Qg5 Qd7 29. Be7 Rb8 30. Bf6 Rcxb3 31. Bxg7 Kxg7 32. Qe5+ Kg8 33. Qxd4 R3b4 34. Qe5 Qxa4 35. Qf6 Qd7 36. Rxe6 fxe6 37. Qxg6+ Qg7 38. Qxe6+ Qf7 39. Qd6 Rb1 40. Rf1 Rxf1+ 41. Nxf1 Rf8 42. Qg3+ Qg7 43. Qd6 Qd4 44. Qg6+ Qg7 45. Qd6 Qf7 46. Qc5 a4 47. f3 a3 48. Qxa3 Qf4 49. Qc5 Qf5 50. Ne3 Qxd3 51. Qxd5+ Qxd5 52. Nxd5 Kf7 53. Kf2 Rd8 54. Ne3 Rd2+ 55. Kg3 Kg6 56. Kf4 Ra2 57. g4 Ra4+ 58. Kg3 Ra3 59. Ng2 Kf6 60. Nf4 Ra4 61. Nh3 Ra3 62. Ng1 Kg6 63. Kh4 Kf6 64. f4 Rb3 65. Ne2 Re3 66. Ng3 Rf3 67. Nh5+ Kg6 68. f5+ Kf7 69. Kg5 Rf1 70. Nf4 Ra1 71. Nd3 Ra5 72. Kf4 Kf6 73. g5+ Kf7 74. Kg4 Ra3 75. Ne5+ Kg7 76. f6+ Kg8 77. Kf5 Ra5 78. g6 Kf8 79. Ke6 Ra6+ 80. Kf5 Ra1 81. Nd7+ Ke8 82. f7+ Kxd7 83. Kf6 Rf1+ 84. Kg7 Ke7 85. Kg8 Rf6 86. Kg7 Rxg6+ 87. Kxg6 Kf8 88. Kf6 1/2-1/2


[Site "https://www.chess.com"]

[Event "Titled Tuesday Blitz April 05 Early 2022"]
[White "Hamley, Ryan"]
[Black "Oganian, Miran"]
[WhiteFideId "30959497"]
[BlackFideId "4122488"]
[WhiteElo "2543"]
[BlackElo "2779"]
[Result "0-1"]
[Round "02"]
[TimeControl "180+1"]
[Date "2022.04.05"]
[WhiteClock "0:00:41"]
[BlackClock "0:01:04"]

1. d4 d5 2. Nf3 Nf6 3. Bf4 e6 4. Nbd2 Bd6 5. Bg3 Nbd7 6. e3 Qe7 7. Ne5 Nf8 8. f4 Ng6 9. Bd3 a6 10. Qf3 c5 11. c3 Bd7 12. O-O b5 13. Kh1 O-O 14. Rae1 b4 15. c4 Bc8 16. cxd5 exd5 17. Nxg6 hxg6 18. dxc5 Bxc5 19. e4 Bg4 20. exd5 Qd7 21. Ne4 Bxf3 22. Nxc5 Bxg2+ 23. Kxg2 Qxd5+ 0-1


[Site "https://www.chess.com"]